 Dungeon Crawl Stone Soup version 0.27-a0-74-gebd156f8b4 (webtiles) character file.

Game seed: 9946742651091123510

9949 lunkers the Slinger (level 11, -7/82 HPs)
             Began as a Halfling Hunter on Jan 11, 2021.
             Was a Priest of Okawaru.
             Splashed by Erica's acid (12 damage)
             ... on level 1 of the Lair of Beasts.
             The game lasted 00:22:02 (14486 turns).

lunkers the Slinger (Halfling Hunter)              Turns: 14486, Time: 00:22:03

Health: -7/82      AC: 12    Str: 16    XL:     11   Next: 83%
Magic:  0/12       EV: 21    Int: 15    God:    Okawaru [***...]
Gold:   527        SH:  0    Dex: 16    Spells: 10/10 levels left

rFire    . . .     SeeInvis .   a - +0 fustibalus
rCold    . . .     Faith    .   (shield restricted)
rNeg     . . .     Spirit   +   h - +0 ring mail
rPois    .         Reflect  .   g - +2 helmet
rElec    .         Harm     .   (no cloak)
rCorr    .         Rampage  .   I - +0 pair of gloves
Will     .....                  (no boots)
Stlth    +++.......             F - amulet of guardian spirit
HPRegen  0.23/turn              G - +6 ring of intelligence
MPRegen  0.13/turn              r - ring of flight

@: heroism
A: small, mutation resistance 1
a: Renounce Religion, Evoke Flight, Heroism


You were on level 1 of the Lair of Beasts.
You worshipped Okawaru.
Okawaru was most pleased with you.
You visited 3 branches of the dungeon, and saw 12 of its levels.

You collected 527 gold pieces.

Inventory:

Hand Weapons
 a - a +0 fustibalus (weapon)
 b - a +1 long sword of draining
 E - a +1 hunting sling
Missiles
 d - 104 sling bullets
 k - 53 stones (quivered ammo)
Armour
 g - a +2 helmet (worn)
 h - a +0 ring mail (worn)
 I - a +0 pair of gloves (worn)
Jewellery
 r - a ring of flight (right hand)
 F - an amulet of guardian spirit (around neck)
 G - a +6 ring of intelligence (left hand)
Wands
 o - a wand of disintegration (23)
 u - a wand of enslavement (6)
 x - a wand of random effects (42)
 D - a wand of iceblast (7)
Scrolls
 e - a scroll of enchant weapon
 f - 7 scrolls of teleportation
 n - a scroll of immolation
 p - 2 scrolls of amnesia
 q - 2 scrolls of fog
 s - 2 scrolls of remove curse
 t - 2 scrolls of fear
 y - a scroll of vulnerability
 z - 2 scrolls of summoning
 B - a scroll of blinking
Potions
 c - a potion of haste
 i - a potion of ambrosia
 j - a potion of mutation
 l - 3 potions of curing
 m - a potion of cancellation
 w - a potion of brilliance
 A - a potion of attraction
 C - 2 potions of lignification
 J - a potion of might
Miscellaneous
 H - a tin of tremorstones (2/2)


   Skills:
 + Level 10.9(15.9) Fighting
 - Level 14.0(19.0) Slings
 + Level 5.8(10.8) Armour
 + Level 6.4(11.4) Dodging
 - Level 1.1(6.1) Stealth
 - Level 2.0 Invocations
 - Level 5.0 Evocations


You had 10 spell levels left.
You didn't know any spells.
Your spell library contained the following spells:

 Spells                   Type           Power        Failure   Level
 Corona                   Hex            0%           41%         1
 Summon Small Mammal      Summ           0%           41%         1
 Call Imp                 Summ           0%           54%         2
 Ensorcelled Hibernation  Hex/Ice        0%           54%         2
 Call Canine Familiar     Summ           0%           78%         3
 Confusing Touch          Hex            0%           78%         3
 Dazzling Flash           Conj/Hex       0%           78%         3
 Gell's Gravitas          Tloc           0%           78%         3
 Summon Guardian Golem    Hex/Summ       0%           78%         3
 Tukima's Dance           Hex            0%           78%         3
 Petrify                  Tmut/Erth      0%           99%         4
 Summon Ice Beast         Ice/Summ       0%           99%         4
 Summon Lightning Spire   Summ/Air       0%           99%         4
 Metabolic Englaciation   Hex/Ice        0%           100%        5
 Yara's Violent Unravell  Hex/Tmut       0%           100%        5


Dungeon Overview and Level Annotations

Branches:
Dungeon (10/15)            Temple (1/1) D:7            Lair (1/6) D:8
    Orc (0/2) D:9

Altars:
Ashenzari
Cheibriados
Dithmenos
Elyvilon
Fedhas
Gozag
Hepliaklqana
Kikubaaqudgha
Makhleb
Nemelex Xobeh
Okawaru
Qazlal
Ru
Sif Muna
Trog
Uskayaw
Vehumet
Wu Jian
Xom
Yredelemnul
Zin
The Shining One

Shops:
D:9 (

Annotations:
D:5 2 transporters, Clumpoid's ghost, novice PaFi
D:9 2 transporters, SkiChan's ghost, journeyman GrFi
Lair:1 Erica


Innate Abilities, Weirdness & Mutations

You are small and have problems with some larger weapons.
You are somewhat resistant to further mutation.


Message History

Fire: 56 stones
Press: ? - help, Q - select action, (/) - cycle Shift-Dir - straight line You shoot a stone.
Fire: 55 stones
Press: ? - help, Q - select action, (/) - cycle Shift-Dir - straight line You shoot a stone.
You hear some strange, mumbled words.
A bolt of poison appears from out of thin air!
The bolt of poison misses you.
Fire: 54 stones
Press: ? - help, Q - select action, (/) - cycle Shift-Dir - straight line You shoot a stone.
You hear a zap.
A bolt of acid appears from out of thin air!
The bolt of acid hits you!
* * * LOW MAGIC WARNING * * *
* * * LOW HITPOINT WARNING * * *
You are splashed with acid!
* * * LOW MAGIC WARNING * * *
You die...

#..#P### #......####
###.......... #......##....
###.......#####
##..#.......###
##..####.......## ##..##
##.......# ####@.##
###...... ### ###.#{###
#...... ..####P##(## ####...
........(## ### ###.
##.###..#######P### ##
#####.....##........## #
####....................##
##....@..(................##
#
..........###......(.......#
##


There were no monsters in sight!

Vanquished Creatures
  2 two-headed ogres (D:8)
  An orc knight (D:10)
  Pikel (D:5)
  A deep elf mage (D:10)
  A cyclops (D:9)
  5 yaks (Lair:1)
  A basilisk (Lair:1)
  3 sky beasts
  An ice beast (D:7)
  An eye of draining (D:10)
  7 orc warriors
  3 black bears
  3 necrophages
  A hornet zombie (D:7)
  6 centaurs
  6 ogres
  3 phantoms
  A lemure (D:5)
  A big kobold (D:10)
  A wyvern zombie (D:9)
  6 bullfrogs
  2 water moccasin zombies (D:5)
  A scorpion (D:4)
  4 electric eels (D:10)
  4 howler monkeys
  4 wights (D:9)
  3 bullfrog zombies
  3 centaur zombies
  A quasit (D:8)
  2 bullfrog skeletons
  A centaur skeleton (D:8)
  4 hounds
  2 jellies
  14 orc priests
  4 iguanas
  8 orc wizards
  11 worker ants
  A killer bee zombie (D:5)
  3 hound skeletons
  A howler monkey zombie (D:8)
  7 worker ant zombies
  4 gnolls
  12 adders
  2 shadow imps
  4 ufetubi
  An ooze (D:6)
  3 adder zombies
  3 adder skeletons
  3 dart slugs
  3 leopard geckos
  50 orcs
  7 giant cockroaches
  7 goblins
  13 hobgoblins
  20 jackals
  4 quokkas
  3 ball pythons
  A ball python zombie (D:5)
  8 bats
  9 frilled lizards
  12 kobolds
  4 leopard gecko skeletons
  2 leopard gecko zombies (D:5)
  A quokka skeleton (D:5)
  6 rats
317 creatures vanquished.

Vanquished Creatures (others)
  22 fungi
  A plant (Lair:1)
  A withered plant (D:5)
24 creatures vanquished.

Grand Total: 341 creatures vanquished

Notes
Turn   | Place    | Note
-------+----------+-------------------------------------------
     0 | D:1      | lunkers the Halfling Hunter began the quest for the Orb.
     0 | D:1      | Reached XP level 1. HP: 14/14 MP: 1/1
    31 | D:1      | Reached skill level 6 in Slings
   180 | D:1      | Reached XP level 2. HP: 19/19 MP: 2/2
   445 | D:1      | Reached XP level 3. HP: 25/25 MP: 3/3
   894 | D:2      | Found a white marble altar of Elyvilon.
  1141 | D:2      | Reached XP level 4. HP: 22/30 MP: 4/4
  1447 | D:2      | Reached skill level 7 in Slings
  1834 | D:3      | Reached XP level 5. HP: 20/36 MP: 5/5
  2587 | D:3      | Reached skill level 8 in Slings
  2781 | D:3      | Reached XP level 6. HP: 21/43 MP: 6/6
  3180 | D:4      | Noticed an ogre
  3202 | D:4      | Killed an ogre
  3203 | D:4      | Reached skill level 9 in Slings
  3203 | D:4      | Reached XP level 7. HP: 24/49 MP: 7/7
  3433 | D:4      | Reached skill level 5 in Fighting
  3753 | D:4      | Found a burning altar of Makhleb.
  3764 | D:4      | Reached skill level 10 in Slings
  3764 | D:4      | Reached XP level 8. HP: 31/56 MP: 8/8
  4321 | D:5      | Entered Level 5 of the Dungeon
  4675 | D:5      | Found a blossoming altar of Fedhas.
  4809 | D:5      | Reached skill level 11 in Slings
  5161 | D:5      | Found a transporter.
  5214 | D:5      | Found a transporter.
  5215 | D:5      | Noticed Clumpoid's ghost (novice PaFi)
  5234 | D:5      | Noticed Pikel
  5314 | D:5      | Killed Pikel
  5315 | D:5      | Reached skill level 12 in Slings
  5315 | D:5      | Reached XP level 9. HP: 42/65 MP: 9/9
  7031 | D:6      | Reached XP level 10. HP: 26/76 MP: 10/10
  7438 | D:7      | Reached skill level 1 in Evocations
  7813 | D:7      | Reached skill level 1 in Armour
  8357 | D:7      | Found a staircase to the Ecumenical Temple.
  8576 | Temple   | Entered the Ecumenical Temple
  8932 | Temple   | Became a worshipper of Warmaster Okawaru
  8966 | D:7      | Reached skill level 10 in Fighting
  9809 | D:8      | Noticed a two-headed ogre
  9820 | D:8      | Killed a two-headed ogre
  9820 | D:8      | Reached * piety under Okawaru
  9821 | D:8      | Reached skill level 1 in Invocations
  9893 | D:8      | Noticed a two-headed ogre
  9935 | D:8      | Killed a two-headed ogre
  9935 | D:8      | Reached ** piety under Okawaru
 10287 | D:8      | Found a staircase to the Lair.
 10326 | D:8      | Reached skill level 13 in Slings
 10471 | D:8      | Found a stormy altar of Qazlal.
 10481 | D:8      | Reached XP level 11. HP: 81/81 MP: 12/12
 11191 | D:9      | Found a staircase to the Orcish Mines.
 11223 | D:9      | Found Diejutw Coku's Weapon Boutique.
 11243 | D:9      | Reached skill level 5 in Evocations
 11507 | D:9      | Noticed a cyclops
 11515 | D:9      | Killed a cyclops
 11515 | D:9      | Reached *** piety under Okawaru
 11516 | D:9      | Reached skill level 5 in Dodging
 11564 | D:9      | Noticed SkiChan's ghost (journeyman GrFi)
 11581 | D:9      | Found a transporter.
 11584 | D:9      | Found a transporter.
 11755 | D:10     | Entered Level 10 of the Dungeon
 12625 | D:10     | Reached skill level 14 in Slings
 12630 | D:10     | Noticed a deep elf mage
 12636 | D:10     | Noticed an orc knight
 12644 | D:10     | Killed a deep elf mage
 12644 | D:10     | Received a gift from Okawaru
 12663 | D:10     | Killed an orc knight
 12664 | D:10     | Reached skill level 5 in Armour
 14014 | Lair:1   | Entered Level 1 of the Lair of Beasts
 14130 | Lair:1   | Received a gift from Okawaru
 14417 | Lair:1   | Noticed Erica
 14486 | Lair:1   | Splashed by Erica's acid

Illustrated notes

Levels and vault maps discovered:
D:1:      heliophobic_arrival_enchanted_forest, layout_rooms,
          minmay_misc_feat_square, minmay_misc_feat_chi, minmay_box_of_dots
D:2:      layout_loops_corners, elyvilon_altar_1
D:3:      minmay_recursive_quarters, layout_rooms, minmay_close_crescents
D:4:      layout_rooms, enter_ossuary_2, serial_glass, glass_columns_a,
          glass_columns_a, bloody_makhleb
D:5:      layout_cave_pools, serial_undead, serial_undead_f, serial_undead_d,
          serial_undead_e, serial_undead_f, serial_undead_f, serial_undead_f,
          gammafunk_ghost_smash, minmay_misc_feat_four_crosses,
          fedhas_bush_and_centaur_altar, uniq_pikel
D:6:      layout_loops_ring, serial_aquarium, aquarium_bridge_square
          [aquarium_subvault_bridge, aquarium_subvault_wall,
          aquarium_subvault_window, aquarium_subvault_bridge],
          aquarium_bridge_island_small [aquarium_subvault_small_water,
          aquarium_subvault_wall, aquarium_subvault_bridge,
          aquarium_subvault_bridge, aquarium_subvault_window],
          aquarium_window_corner, aquarium_window_2, aquarium_window_fake,
          aquarium_window_2, aquarium_view_2e, aquarium_view_2b,
          aquarium_balcony_double_1, minmay_bent
D:7:      layout_gridville, minmay_temple_entry_waves
D:8:      layout_cave_pools, lair_entry_dummy, nicolae_qazlal_eye_of_the_storm
D:9:      minmay_general_purpose_star, layout_basic, orc_david_3,
          gammafunk_ghost_hive, chequers_serial_rivers_small_b
D:10:     layout_basic, minmay_pinched_square
Temple:   nicolae_temple_the_god_donut
Lair:1:   layout_cave_pods, beast_lair_carwin_5, uniq_erica

Skill      XL: |  1  2  3  4  5  6  7  8  9 10 11 |
---------------+----------------------------------+-----
Slings         | 6 7 8 9 10 12 13 14 | 14.0
Fighting       | 2 3 4 5 7 9 10 | 10.9
Evocations     | 4 5 |  5.0
Armour         | 3 5 |  5.8
Dodging        | 4 6 |  6.4
Invocations    | 1 2 |  2.0
Stealth        | |  1.1

Action                   |  1- 3 |  4- 6 |  7- 9 | 10-12 || total
-------------------------+-------+-------+-------+-------++-------
Melee: Fustibalus        |       |       |       |     1 ||     1
 Fire: Hunting sling     |   111 |   253 |   609 |    34 ||  1007
       Fustibalus        |       |       |       |   641 ||   641
Invok: Heroism           |       |       |       |     5 ||     5
Evoke: Wand              |       |       |     3 |     8 ||    11
  Use: Scroll            |       |       |    11 |    10 ||    21
Armor: Leather armour    |     2 |       |       |       ||     2
       Ring mail         |    13 |    40 |    70 |    42 ||   165
Dodge: Dodged            |    23 |   103 |   135 |   161 ||   422

Table legend: (Time is in decaauts)
 A = Elapsed time spent in this place.
 B = Non-inter-level travel time spent in this place.
 C = Inter-level travel time spent in this place.
 D = Time resting spent in this place.
 E = Time spent auto-exploring this place.
 F = Levels seen in this place.
 G = Mean time per level.
                   A        B        C        D        E       F      G
               +--------+--------+--------+--------+--------+-----+--------+
         Total |  14044 |  13708 |    336 |    166 |  11023 |  12 | 1170.3 |
       Dungeon |  13224 |  12890 |    334 |    166 |  10456 |  10 | 1322.4 |
        Temple |    370 |    370 |      0 |      0 |    233 |   1 |  370.0 |
          Lair |    449 |    449 |      0 |      0 |    334 |   1 |  449.0 |
               +--------+--------+--------+--------+--------+-----+--------+

Top non-repeatable levels by time:
    D:10: 2170 daAuts
     D:7: 1888 daAuts
     D:8: 1398 daAuts
     D:5: 1288 daAuts
     D:3: 1172 daAuts
     D:4: 1164 daAuts
     D:6: 1161 daAuts
     D:2: 1150 daAuts
     D:9: 1086 daAuts
     D:1: 744 daAuts
  Lair:1: 449 daAuts
  Temple: 370 daAuts
